 Dungeon Crawl Stone Soup version 0.24-a0-537-g2d01d4ab0a (webtiles) character file.

Game seed: 5015552676976201861

37 Heliosone the Ruffian (level 3, -5/30 (33) HPs)
             Began as a Ghoul Monk on Aug 13, 2019.
             Slain by Crazy Yiuf
             ... wielding a +3 quarterstaff of chaos
              (14 damage)
             ... on level 1 of the Dungeon.
             The game lasted 00:05:01 (2595 turns).

Heliosone the Ruffian (Ghoul Monk)                  Turns: 2595, Time: 00:05:02

HP:   -5/30 (33)    AC:  5    Str: 14    XL:     3   Next: 39%
MP:   2/2           EV: 12    Int:  6    God:
Gold: 58            SH:  0    Dex: 11    Spells: 2/2 levels left

rFire    . . .     SeeInvis .     - Unarmed
rCold    + . .     Gourm    .   (no shield)
rNeg     + + +     Faith    .   e - +0 leather armour
rPois    ∞         Spirit   .   (no helmet)
rElec    .         Reflect  .   (no cloak)
rCorr    +         Harm     .   q - +0 pair of gloves
MR       .....                  m - +0 pair of boots
Stlth    ++........             (no amulet)
HPRegen  0.00/turn              c - ring of resist corrosion
MPRegen  0.08/turn              (no ring)

@: rotting
A: rotting body, claws 1, carnivore, cold resistance 1, negative energy
resistance 3, inhibited regeneration, torment resistance, unbreathing
a: no special abilities


You were on level 1 of the Dungeon.
You were very hungry.

You visited 1 branch of the dungeon, and saw 2 of its levels.

You collected 58 gold pieces.

Inventory:

Armour
 a - a +0 robe
 e - a +0 leather armour (worn)
 m - a +0 pair of boots (worn)
 q - a +0 pair of gloves (worn)
Jewellery
 c - a ring of resist corrosion (left hand)
 d - an uncursed ring of resist corrosion
Scrolls
 g - a scroll of enchant armour {unknown}
 i - a scroll of teleportation {unknown}
 l - a scroll of blinking {unknown}
 n - 2 scrolls of remove curse {unknown}
 o - 2 scrolls of amnesia {unknown}
 r - a scroll of immolation {unknown}
Potions
 f - a potion of ambrosia {unknown}
 h - a potion of magic {unknown}
 j - 2 potions of might {unknown}
 k - a potion of brilliance {unknown}
 p - a potion of invisibility {unknown}
Comestibles
 b - 4 rations


   Skills:
 + Level 3.8 Fighting
 + Level 1.3 Armour
 - Level 2.6 Dodging
 - Level 2.1 Stealth
 + Level 3.8 Unarmed Combat


You had 2 spell levels left.
You didn't know any spells.
Your spell library contained the following spells:

 Spells                   Type           Power        Failure   Level  Hunger
 Magic Dart               Conj           #...         52%         1    ##.....
 Blink                    Tloc           N/A          67%         2    ###....
 Call Imp                 Summ           #.......     67%         2    ###....
 Slow                     Hex            #.......     67%         2    ###....
 Conjure Flame            Conj/Fire      #.......     88%         3    ####...
 Mephitic Cloud           Conj/Pois/Air  #.......     88%         3    ####...


Dungeon Overview and Level Annotations

Branches:
Dungeon (2/15)

Altars:

Annotations:
D:1 Crazy Yiuf


Innate Abilities, Weirdness & Mutations

Your body is rotting away.
You thrive on raw meat.
You are immune to poison.
You have sharp fingernails.
You are carnivorous and can eat meat at any time.
Your flesh is cold resistant. (rC+)
You are immune to negative energy. (rN+++)
You do not regenerate when monsters are visible.
You are immune to unholy pain and torment.
You can survive without breathing.


Message History

Crazy Yiuf says, "Citrus Hive snail!"
Crazy Yiuf cries, "Prologue snockshim shoe!"
You see here a +0 dagger.
Crazy Yiuf glowers.
Crazy Yiuf hits you but does no damage.
You see here a +0 whip.
Crazy Yiuf whimpers, "Rot!
Castle green stair."
Crazy Yiuf glowers.
Crazy Yiuf says, "You ladder cower!"
Crazy Yiuf says, "Cards seventy pizzabubble!"
Crazy Yiuf screams, "Liver!
Earwax blue mumblescurry."
You feel your flesh rotting away.
Crazy Yiuf cries, "You leg down broken song, no?"
There is an open door here.
Crazy Yiuf says, "Crazy?
Crazy!?
PORCUPINE!"
Crazy Yiuf grits, "Seed!"
There is an open door here.
Crazy Yiuf cries, "Leather!
Key foot ena."
Crazy Yiuf hits you with a +3 quarterstaff of chaos!
You die...

#....#...................###...
#....#########[.....####.# #...
#>.>...................#.# #...
#################........# #...
#...............### #...
#.#######.#..#..### #.#+
#.#######.........# #.#.
#.##...#####.####.# #.#.
#.#+...@........#.# #...
#.##..g######.#.#.###..#
#.##.>.######'#.#.....#∩
#.##.####.......#####.## #.##.#
#.......# ###. ########.##.#
#.......######♣. #...........#
#.......##.♣.... #.######.####
#.......#....... #.# #.####
#.......#♣......


You could see Crazy Yiuf.

Vanquished Creatures
  2 worms (D:2)
  A dart slug (D:2)
  3 ball pythons (D:2)
  2 bats
  3 giant cockroaches
  5 goblins
  A hobgoblin (D:1)
  2 jackals (D:2)
  A quokka (D:2)
  5 kobolds
  3 rats (D:1)
28 creatures vanquished.

Notes
Turn   | Place    | Note
-------+----------+-------------------------------------------
     0 | D:1      | Heliosone the Ghoul Monk began the quest for the Orb.
     0 | D:1      | Reached XP level 1. HP: 19/19 MP: 0/0
   439 | D:1      | Reached XP level 2. HP: 24/26 MP: 1/1
  1020 | D:2      | Reached skill level 1 in Armour
  1173 | D:2      | Reached XP level 3. HP: 24/33 MP: 2/2
  2000 | D:2      | Found a runed translucent door.
  2001 | D:2      | Noticed Crazy Yiuf
  2595 | D:1      | Slain by Crazy Yiuf

Levels and vault maps discovered:
D:1:      nzn_arrival_settlement, layout_basic
D:2:      layout_loops_ring, serial_bayou, serial_bayou_shore_a,
          serial_bayou_pond_a, serial_bayou_lake_a, serial_bayou_shore_b,
          first_ration, kennysheep_nondescript, uniq_crazy_yiuf_cottage

Skill      XL: |  1  2 |
---------------+-------+-----
Armour         | 1 |  1.3
Fighting       | |  3.8
Dodging        | |  2.6
Stealth        | |  2.1
Unarmed Combat | |  3.8

Action                   || total
-------------------------++-------
Melee: Unarmed           ||   101
  Eat: Chunk             ||     4
Armor: Leather armour    ||    26
Dodge: Dodged            ||    58

Table legend:
 A = Non-vault XP
 B = Vault XP
 C = Vault XP percentage of total XP
 D = Non-vault monster count
 E = Vault monster count
 F = Vault count percentage of total count
                 A         B        C        D         E       F
            +---------+---------+-------+---------+---------+-------
      Total |      53 |       0 |   0.0 |      28 |       0 |   0.0
            +---------+---------+-------+---------+---------+-------
        D:1 |      18 |       0 |   0.0 |      12 |       0 |   0.0
        D:2 |      35 |       0 |   0.0 |      16 |       0 |   0.0
            +---------+---------+-------+---------+---------+-------
